 Dungeon Crawl Stone Soup version 0.31.0-12-g77e489cdc1 (webtiles) character file.

Game seed: 10069510393410581123

10675 Silvore the Carver (level 11, -5/84 HPs)
             Began as a Demonspawn Fighter on Feb 12, 2024.
             Slain by a large abomination (28 damage)
             ... on level 1 of the Abyss.
             The game lasted 00:14:28 (9772 turns).

Silvore the Carver (Demonspawn Fighter)             Turns: 9772, Time: 00:14:29

Health: -5/84      AC: 18    Str: 20    XL:     11   Next: 39%
Magic:  11/11      EV: 10    Int:  8    God:
Gold:   1268       SH: 16    Dex: 19    Spells: 10/10 levels left

rFire   . . .        a - +0 long sword (flame)
rCold   . . .        x - +0 kite shield
rNeg    . . .        w - +0 plate armour
rPois   .            (no helmet)
rElec   .            q - +0 cloak
rCorr   .            (no gloves)
SInv    +            (no boots)
Will    .....        v - amulet of reflection
Stlth   ++           e - ring of Nyiru {Dex+5 Slay+4 SInv Stlth+}
HPRegen 0.34/turn    g - +4 ring of protection
MPRegen 0.12/turn

%: reflection
@: no status effects
A: ignite blood 1, powered by pain 2, sturdy frame 2
a: no special abilities


You were on level 1 of the Abyss.
You visited 2 branches of the dungeon, and saw 11 of its levels.
You visited the Abyss 1 time.
You also visited: Sewer.

You collected 1268 gold pieces.

Inventory:

Hand Weapons
 a - a +0 long sword of flaming (weapon)
Missiles
 C - a throwing net (quivered)
Armour
 b - a +0 scale mail
 c - a +0 buckler
 l - a +0 chain mail
 q - a +0 cloak (worn)
 w - a +0 plate armour (worn)
 x - a +0 kite shield (worn)
Jewellery
 e - the ring of Nyiru (left hand) {Dex+5 Slay+4 SInv Stlth+}
   (You acquired it on level 1 of the Dungeon)

   [ring of slaying]

   Dex+5:     It affects your dexterity (+5).
   Slay+4:    It affects your accuracy & damage with ranged weapons and melee
   (+4).
   SInv:      It lets you see invisible.
   Stlth+:    It makes you more stealthy.
 g - a +4 ring of protection (right hand)
 s - a ring of protection from fire
 v - an amulet of reflection (around neck)
 z - a ring of flight
 A - an amulet of regeneration
 K - a ring of fire
Wands
 j - a wand of polymorph (24)
 y - a wand of acid (18)
 E - a wand of flame (14)
 H - a wand of mindburst (9)
Scrolls
 m - 5 scrolls of fog
 n - a scroll of vulnerability
 o - a scroll of poison
 B - 2 scrolls of noise
 F - 2 scrolls of immolation
 G - 2 scrolls of identify
 I - a scroll of fear
Potions
 d - a potion of brilliance
 f - a potion of heal wounds
 h - a potion of degeneration
 i - 3 potions of curing
 k - 4 potions of lignification
 p - a potion of enlightenment
 r - 2 potions of cancellation
 t - 2 potions of attraction
 u - 2 potions of berserk rage
 D - 3 potions of haste


   Skills:
 + Level 7.6 Fighting
 + Level 10.3 Long Blades
 + Level 7.4 Armour
 + Level 5.4 Dodging
 + Level 6.1 Stealth
 + Level 7.9 Shields


You had 10 spell levels left.
You didn't know any spells.
Your spell library contained the following spells:

 Spells                   Type           Power      Damage    Failure   Level
 Summon Small Mammal      Summ           0%         N/A       99%         1
 Ensorcelled Hibernation  Hex/Ice        0%         N/A       100%        2
 Call Canine Familiar     Summ           0%         N/A       100%        3
 Dazzling Flash           Conj/Hex       0%         N/A       100%        3
 Fugue of the Fallen      Necr           0%         N/A       100%        3
 Mephitic Cloud           Conj/Alch/Air  0%         N/A       100%        3
 Passwall                 Erth           0%         N/A       100%        3
 Summon Ice Beast         Ice/Summ       0%         N/A       100%        3
 Swiftness                Air            0%         N/A       100%        3
 Anguish                  Hex/Necr       0%         N/A       100%        4
 Summon Blazeheart Golem  Fire/Summ      0%         N/A       100%        4
 Curse of Agony           Necr           0%         N/A       100%        5
 Silence                  Hex/Air        0%         N/A       100%        5
 Summon Mana Viper        Hex/Summ       0%         N/A       100%        5
 Conjure Ball Lightning   Conj/Air       0%         3x3d6     100%        6
 Monstrous Menagerie      Summ           0%         N/A       100%        7
 Discord                  Hex            0%         N/A       100%        8
 Disjunction              Tloc           0%         N/A       100%        8


Dungeon Overview and Level Annotations

Branches:
Dungeon (10/15)            Temple (1/1) D:7            Lair (0/5) D:10
  Sewer (visited)
    Orc: D:9-12

Altars:
Ashenzari
Cheibriados
Dithmenos
Fedhas
Gozag
Hepliaklqana
Kikubaaqudgha
Makhleb
Nemelex Xobeh
Okawaru
Qazlal
Ru
Sif Muna
Trog
Uskayaw
Vehumet
Wu Jian
Xom
Yredelemnul

Shops:
D:1 ?

Annotations:
D:10 Erolcha


Innate Abilities, Weirdness & Mutations

Your demonic aura sometimes causes spilled blood to erupt in flames.
You sometimes gain power by taking damage.
Your movements are less encumbered by armour. (ER -4)


Message History

You block the large abomination's attack.
You hit the large abomination but do no damage.
The large abomination is heavily damaged.
The large abomination hits you!
The large abomination hits you but does no damage.
You hit the large abomination. You burn the large abomination.
The large abomination is heavily damaged.
The large abomination hits you!!
You hit the large abomination. You burn the large abomination.
The large abomination is severely damaged.
The large abomination closely misses you.
You hit the large abomination. You burn the large abomination.
The large abomination is almost destroyed.
You block the large abomination's attack.
You closely miss the large abomination.
The large abomination is almost destroyed.
You block the large abomination's attack.
You hit the large abomination but do no damage.
The large abomination is almost destroyed.
The large abomination closely misses you.
You hit the large abomination but do no damage.
The large abomination is almost destroyed.
The large abomination hits you!!
* * * LOW HITPOINT WARNING * * *
You barely miss the large abomination.
The large abomination is almost destroyed.
You block the large abomination's attack.
You hit the large abomination but do no damage.
The large abomination is almost destroyed.
You block the large abomination's attack.
You hit the large abomination but do no damage.
The large abomination is almost destroyed.
The large abomination barely misses you.
You hit the large abomination. You burn the large abomination.
The large abomination is almost destroyed.
The large abomination barely misses you.
You completely miss the large abomination.
The large abomination is almost destroyed.
The large abomination hits you!!
You die...

# # . . #
.# # .
..###. .
.#.### ##
..#.#
#.##...##
#....#
...#@.####
##..X###
......#
.#.#.# #.
## # #


You could see a large abomination.

Vanquished Creatures
  A two-headed ogre (D:10)
  A thrashing horror (Abyss:1)
  Amaemon (D:8)
  Pikel (D:7)
  A cyclops (D:9)
  Maurice (D:9)
  Joseph (D:8)
  An orange demon (D:8)
  Maggie (D:8)
  Psyche (D:10)
  A troll (D:8)
  A hornet (D:8)
  Prince Ribbit (D:5)
  Sigmund (D:2)
  Grum (D:10)
  An acid dragon (D:9)
  A small abomination (Abyss:1)
  2 water moccasins
  Duvessa (D:5)
  4 ice beasts
  An orc warrior (D:8)
  2 sky beasts
  A black bear (D:5)
  3 wolves (D:10)
  5 centaurs
  A lemure (D:7)
  3 phantoms
  A bullfrog (D:8)
  3 gnoll sergeants
  2 scorpions
  4 wights (D:8)
  Dowan (D:5)
  6 killer bees
  2 howler monkeys
  A crimson imp (Abyss:1)
  2 bombardier beetles
  6 hounds
  2 orc priests
  2 jellies
  2 sleepcaps
  Jessica (D:2)
  2 iguanas
  7 orc wizards
  17 gnolls
  10 adders
  7 river rats
  A shadow imp (D:8)
  2 ufetubi (D:4)
  3 dart slugs
  5 ribbon worms
  19 orcs
  2 bats
  15 endoplasms
  4 giant cockroaches
  5 goblins
  5 hobgoblins
  18 jackals
  A quokka (D:3)
  4 ball pythons
  6 frilled lizards
  4 kobolds
  16 rats
228 creatures vanquished.

Vanquished Creatures (others)
  A small abomination (Abyss:1)
  A white imp (Abyss:1)
2 creatures vanquished.

Grand Total: 230 creatures vanquished

Notes
Turn   | Place    | Note
-------+----------+-------------------------------------------
     0 | D:1      | Silvore the Demonspawn Fighter began the quest for the Orb.
     0 | D:1      | Reached XP level 1. HP: 18/18 MP: 1/1
    96 | D:1      | Found Jebil's Magic Scroll Shoppe.
   286 | D:1      | Gained mutation: You sometimes gain a little power by
                  | taking damage. [demonic ancestry]
   286 | D:1      | Reached XP level 2. HP: 24/24 MP: 2/2
   302 | D:1      | Found a faded altar of an unknown god.
   302 | D:1      | Noticed an ice devil
   529 | D:1      | Reached skill level 2 in Long Blades
   888 | D:1      | Identified a scroll of acquirement
   888 | D:1      | Acquired the ring of Nyiru {Dex+5 Slay+4 SInv Stlth+}
   925 | D:2      | Gained mutation: Your movements are slightly less
                  | encumbered by armour. (ER -2) [demonic ancestry]
   925 | D:2      | Reached XP level 3. HP: 27/29 MP: 3/3
  1131 | D:2      | Reached skill level 3 in Long Blades
  1158 | D:2      | Noticed Jessica
  1164 | D:2      | Killed Jessica
  1165 | D:2      | Gained mutation: Your demonic aura sometimes causes spilled
                  | blood to erupt in flames. [demonic ancestry]
  1165 | D:2      | Reached XP level 4. HP: 35/35 MP: 4/4
  1296 | D:2      | Noticed Sigmund
  1304 | D:2      | Killed Sigmund
  1305 | D:2      | Reached skill level 4 in Long Blades
  1305 | D:2      | Reached skill level 1 in Dodging
  1305 | D:2      | Reached skill level 1 in Stealth
  1305 | D:2      | Gained mutation: You sometimes gain power by taking damage.
                  | [demonic ancestry]
  1305 | D:2      | Reached XP level 5. HP: 32/41 MP: 5/5
  2017 | D:3      | Gained mutation: Your movements are less encumbered by
                  | armour. (ER -4) [demonic ancestry]
  2017 | D:3      | Reached XP level 6. HP: 47/47 MP: 6/6
  2575 | D:3      | Found the +6 shillelagh "Devastator" {shatter}
  2758 | D:3      | Reached skill level 5 in Long Blades
  3557 | D:4      | Found a shadowy altar of Dithmenos.
  3944 | D:5      | Entered Level 5 of the Dungeon
  3965 | D:5      | Reached XP level 7. HP: 53/53 MP: 7/7
  4080 | D:5      | Noticed Dowan
  4081 | D:5      | Noticed Duvessa
  4092 | D:5      | Killed Dowan
  4095 | D:5      | Killed Duvessa
  4273 | D:5      | Reached skill level 6 in Long Blades
  4372 | D:5      | Reached XP level 8. HP: 60/60 MP: 8/8
  4607 | D:5      | Found an ancient bone altar of Kikubaaqudgha.
  4810 | D:6      | Noticed Prince Ribbit
  4836 | D:5      | Killed Prince Ribbit
  4837 | D:5      | Reached skill level 7 in Long Blades
  5124 | D:6      | Found an ornate altar of the Wu Jian Council.
  5295 | D:6      | Found a glowing drain.
  5305 | Sewer    | Entered a sewer
  5509 | Sewer    | Reached skill level 8 in Long Blades
  5509 | Sewer    | Reached skill level 5 in Stealth
  5509 | Sewer    | Reached skill level 5 in Shields
  5509 | Sewer    | Reached XP level 9. HP: 71/71 MP: 9/9
  5522 | Sewer    | Found a viscous altar of Jiyva.
  6366 | D:7      | Found a staircase to the Ecumenical Temple.
  6372 | Temple   | Entered the Ecumenical Temple
  6418 | D:7      | Reached skill level 5 in Dodging
  6508 | D:7      | Reached XP level 10. HP: 77/77 MP: 10/10
  6515 | D:7      | Reached skill level 9 in Long Blades
  6567 | D:7      | Noticed Pikel
  6581 | D:7      | Killed Pikel
  6662 | D:7      | Found an opulent altar of Gozag.
  6727 | D:7      | Found a shimmering blue altar of Sif Muna.
  7330 | D:8      | Noticed Maggie
  7340 | D:8      | Killed Maggie
  7572 | D:8      | Noticed Joseph
  7575 | D:8      | Killed Joseph
  7631 | D:8      | Noticed Amaemon
  7631 | D:8      | Noticed an orange demon
  7648 | D:8      | Killed Amaemon
  7660 | D:8      | Killed an orange demon
  7954 | D:9      | Reached XP level 11. HP: 70/84 MP: 11/11
  8890 | D:10     | Entered Level 10 of the Dungeon
  8890 | D:10     | Noticed Psyche
  8893 | D:10     | Killed Psyche
  8894 | D:10     | Reached skill level 10 in Long Blades
  8902 | D:10     | Noticed a two-headed ogre
  8903 | D:10     | Noticed Maurice
  8934 | D:9      | Killed Maurice
  8947 | D:10     | Killed a two-headed ogre
  9162 | D:10     | Found a staircase to the Lair.
  9165 | D:10     | Noticed Grum
  9199 | D:10     | Killed Grum
  9208 | D:10     | Acquired 769 gold pieces
  9355 | D:10     | Noticed Erolcha
  9368 | Abyss:1  | Cast into level 1 of the Abyss (Erolcha)
  9406 | Abyss:1  | Noticed an eidolon
  9545 | Abyss:1  | Found a corrupted altar of Lugonu.
  9579 | Abyss:1  | Noticed a thrashing horror
  9610 | Abyss:1  | Killed a thrashing horror
  9772 | Abyss:1  | Slain by a large abomination

Illustrated notes

Levels and vault maps discovered:
D:1:      onia_arrival_pyramid, layout_basic,
          dreamdust_ecumenical_altar_sealed_demon, serial_shops,
          nicolae_shop_tiny_glass, nrook_mini_vaults, supply_closet_lemuel,
          bh_walls_and_bars
D:2:      layout_rooms, minmay_misc_feat_roman, roderic_roman_lattice,
          chequers_serial_rivers_room_b, nicolae_concentric_dashed_squares_mild,
          minmay_misc_feat_encased, minmay_ruptured, uniq_sigmund, uniq_jessica
D:3:      layout_loops_corners
D:4:      layout_basic, mainiacjoe_overflow_alcove_2,
          lemuel_coloured_pillars_altar, glass_columns_a, abandoned_shop
D:5:      layout_basic, nicolae_kikubaaqudgha_miasma_corner,
          serial_corexii_hall, chequers_hall_statues_corner_a,
          chequers_hall_statues_corner_a, corexii_hall_statues_deadend,
          corexii_hall_statues_u, hangedman_decor_lopped, uniq_duvessa
D:6:      layout_loops_ring, general_overflow_altar, lightli_sewer_entry_pipes,
          grunt_ministairs_12, uniq_prince_ribbit1
D:7:      layout_cave_pools, mainiacjoe_overflow_catch_the_wave,
          minmay_temple_entry_fiery, nicolae_the_louvre, uniq_pikel
D:8:      kennysheep_blocky_hall, layout_loops_ring, uniq_maggie, uniq_joseph,
          uniq_amaemon
D:9:      layout_basic
D:10:     layout_roguey, dpeg_oklobed_lair, erik_orc_1, uniq_erolcha, uniq_grum,
          uniq_psyche, uniq_maurice
Temple:   compressed_dpeg_triangle_lava_temple
Abyss:1:  base: D:1, eino_small_chamber_without_monster,
          guppyfry_abyss_exit_imp_island

Skill      XL: |  1  2  3  4  5  6  7  8  9 10 11 |
---------------+----------------------------------+-----
Armour         | 3 4 6 7 |  7.4
Long Blades    | 2 3 4 5 6 8 9 10 | 10.3
Shields        | 3 5 6 7 |  7.9
Dodging        | 1 4 5 |  5.4
Stealth        | 1 5 6 |  6.1
Fighting       | 4 6 7 |  7.6

Action                     |  1- 3 |  4- 6 |  7- 9 | 10-12 || total
---------------------------+-------+-------+-------+-------++-------
  Melee: Long sword        |    83 |   129 |   256 |   255 ||   723
    Use: Scroll            |     5 |     7 |    11 |     3 ||    26
         Potion            |       |       |     3 |     2 ||     5
   Stab: Sleeping          |     1 |     4 |     7 |     2 ||    14
         Distracted        |       |       |     1 |       ||     1
         Invisible         |       |       |       |     5 ||     5
 Armour: Scale mail        |    50 |    37 |       |       ||    87
         Chain mail        |       |    43 |   170 |       ||   213
         Plate armour      |       |       |    12 |   179 ||   191
  Dodge: Dodged            |    44 |    77 |   133 |    97 ||   351
  Block: Buckler           |    14 |    45 |    69 |       ||   128
         Kite shield       |       |       |     3 |   292 ||   295
         Reflection        |       |       |       |     8 ||     8
